 Dungeon Crawl Stone Soup version 0.30-a0-374-g95c0257040 (webtiles) character file.

Game seed: 6404225534451062277

917 Bnni the Summoner (level 8, -2/61 HPs)
             Began as a Barachi Summoner on Nov 25, 2022.
             Slain by a centaur (6 damage)
             ... on level 5 of the Dungeon.
             The game lasted 00:12:01 (4172 turns).

Bnni the Summoner (Barachi Summoner)                Turns: 4172, Time: 00:12:02

Health: -2/61      AC:  6    Str:  9    XL:     8   Next: 9%
Magic:  8/14       EV: 10    Int: 18    God:
Gold:   253        SH:  0    Dex: 13    Spells: 7/15 levels left

rFire   . . .      SeeInvis .    a - +0 spear
rCold   . . .      Faith    .    (no shield)
rNeg    . . .      Spirit   .    t - +0 ring mail
rPois   .          Reflect  .    j - +0 helmet
rElec   .          Harm     .    (no cloak)
rCorr   .          Rampage  .    (no gloves)
Will    .....                    (no boots)
Stlth   +.........               (no amulet)
HPRegen 0.30/turn                v - ring of flight
MPRegen 0.14/turn                (no ring)

@: flying, slow
A: amphibious, slowness 1, strong legs 1, +LOS
a: Hop


You were on level 5 of the Dungeon.
You visited 1 branch of the dungeon, and saw 5 of its levels.

You collected 253 gold pieces.

Inventory:

Hand Weapons
 a - a +0 spear (weapon)
 e - a +0 sling
Armour
 j - a +0 helmet (worn)
 r - a +4 chain mail
 t - a +0 ring mail (worn)
 w - a +0 kite shield
Magical Staves
 f - a staff of air
Jewellery
 v - a ring of flight (left hand)
Wands
 u - a wand of charming (6)
 y - a wand of roots (3)
Scrolls
 g - a scroll of acquirement {unknown}
 i - 2 scrolls of enchant armour
 k - 2 scrolls of amnesia {unknown}
 l - a scroll of vulnerability {unknown}
 n - 3 scrolls of teleportation
 x - a scroll of identify {unknown}
Potions
 b - a potion of magic
 c - 2 potions of curing {unknown}
 d - 2 potions of brilliance {unknown}
 h - a potion of mutation {unknown}
 m - a potion of heal wounds {unknown}
 o - a potion of attraction {unknown}
 p - a potion of degeneration {unknown}
 q - a potion of lignification {unknown}
 s - a potion of haste {unknown}


   Skills:
 + Level 4.4 Fighting
 + Level 1.6 Armour
 - Level 2.2 Dodging
 - Level 1.8 Stealth
 + Level 4.4 Spellcasting
 * Level 8.2 Summonings
 - Level 4.0 Air Magic


You had 7 spell levels left.
You knew the following spells:

 Your Spells              Type           Power      Damage    Failure   Level
a - Summon Small Mammal   Summ           100%       N/A       1%          1
b - Call Canine Familiar  Summ           33%        N/A       3%          3
c - Summon Lightning Spi  Summ/Air       26%        N/A       30%         4

Your spell library contained the following spells:

 Spells                   Type           Power      Damage    Failure   Level
 Call Imp                 Summ           33%        N/A       1%          2
 Summon Guardian Golem    Hex/Summ       18%        N/A       22%         3


Dungeon Overview and Level Annotations

Branches:
Dungeon (5/15)
 Temple: D:4-7

Altars:
Makhleb
Trog


Innate Abilities, Weirdness & Mutations

You are amphibious.
You cover ground slowly.
You can hop short distances.
You have an extended range of vision and can be seen from far away.


Message History

The arrow hits you but does no damage.
The centaur shoots an arrow.
The arrow closely misses your hound. The arrow hits you.
* * * LOW HITPOINT WARNING * * *
Your hound barely misses the centaur.
The centaur shoots an arrow.
The arrow barely misses your hound. The arrow closely misses you.
Your hound barely misses the centaur.
The centaur shoots an arrow.
The arrow hits your hound.
Your hound bites the centaur but does no damage.
The centaur unwields a +0 shortbow.
The centaur hits your hound. The centaur closely misses your hound.
Your hound barely misses the centaur.
You are too injured to fight recklessly!
Reach: a) +0 spear
Press: ? - help, Dir - move target, f - centaur
Aim: a centaur (ally target, about 28% to evade your +0 spear)
You could not reach far enough!
The centaur wields a +0 shortbow.
The centaur shoots an arrow.
The arrow hits your hound!
Your hound bites the centaur.
The centaur shoots an arrow.
The arrow hits your hound!
Your hound dies!
Your hound's corpse disappears in a puff of smoke!
Casting: Call Canine Familiar (dangerous; 3% risk of failure)
Confirm with . or Enter, or press ? or * to list all spells.
Okay, then.
The centaur unwields a +0 shortbow.
The centaur hits you but does no damage.
The centaur misses you.
Casting: Call Canine Familiar (dangerous; 3% risk of failure)
Confirm with . or Enter, or press ? or * to list all spells.
The centaur barely misses you.
The centaur kicks you but does no damage.
The centaur barely misses you. The centaur kicks you.
* * * LOW HITPOINT WARNING * * *
You hit the centaur.
The centaur is lightly wounded.
The centaur hits you.
* * * LOW HITPOINT WARNING * * *
The centaur kicks you.
* * * LOW HITPOINT WARNING * * *
Your hound bites the centaur.
The centaur hits you.
You die...

#....#......... #.
#..........( .##.
##.##....... .##.
#..##.....# .##.
##.##....## .##. #.##.#.##
.##. #.##.#.#
.##.####c##.#.#
.##....@.h..#.##
#########.#######.###.#.##
........<.#######.##.###.##
#####.............#.##
##.## #..###########.##
##.# #..# ##.## ##>## #..#
##.###.## #..# ##.#.## #..#
##.##


You could see a centaur (ally target) and a friendly hound (summoned).

Vanquished Creatures
  An iron imp (D:3)
  2 adders
  An ufetubus (D:4)
  2 worms (D:4)
  3 orcs (D:3)
  6 bats
  5 endoplasms
  3 giant cockroaches
  6 hobgoblins
  3 quokkas
  5 ball pythons
  4 frilled lizards
  11 goblins
  3 kobolds
  5 rats
60 creatures vanquished.

Vanquished Creatures (collateral kills)
  Sigmund (D:2)
  A water moccasin (D:5)
  2 ogres
  A centaur (D:5)
  A scorpion (D:3)
  A gnoll bouda (D:5)
  An orc priest (D:3)
  A hound (D:5)
  An iron imp (D:3)
  An iguana (D:5)
  4 gnolls (D:5)
  2 adders
  2 white imps (D:5)
  3 orcs (D:3)
  A ball python (D:3)
  An endoplasm (D:3)
  A giant cockroach (D:2)
  A goblin (D:4)
  A hobgoblin (D:3)
27 creatures vanquished.

Vanquished Creatures (others)
  An orc wizard (D:3)
  7 plants (D:4)
8 creatures vanquished.

Grand Total: 95 creatures vanquished

Notes
Turn   | Place    | Note
-------+----------+-------------------------------------------
     0 | D:1      | Bnni the Barachi Summoner began the quest for the Orb.
     0 | D:1      | Reached XP level 1. HP: 13/13 MP: 3/3
    54 | D:1      | Reached skill level 5 in Summonings
    82 | D:1      | Reached XP level 2. HP: 20/20 MP: 5/5
   360 | D:1      | Reached skill level 1 in Fighting
   605 | D:2      | Reached XP level 3. HP: 26/26 MP: 6/6
   609 | D:2      | Learned a level 3 spell: Call Canine Familiar
   803 | D:2      | Found a bloodstained altar of Trog.
  1402 | D:2      | Noticed Sigmund
  1411 | D:2      | Killed Sigmund
  1412 | D:2      | Reached skill level 6 in Summonings
  1412 | D:2      | Reached skill level 1 in Air Magic
  1412 | D:2      | Reached XP level 4. HP: 21/34 MP: 2/8
  1412 | D:2      | Reached XP level 5. HP: 24/39 MP: 2/9
  1611 | D:2      | Learned a level 4 spell: Summon Lightning Spire
  1750 | D:3      | Reached XP level 6. HP: 35/46 MP: 3/11
  2139 | D:3      | Found a faded altar of an unknown god.
  2236 | D:3      | Found a burning altar of Makhleb.
  2424 | D:3      | Reached skill level 7 in Summonings
  2761 | D:4      | You fall into a shaft and drop 1 floor!
  2761 | D:5      | Entered Level 5 of the Dungeon
  2801 | D:5      | Reached XP level 7. HP: 52/52 MP: 2/12
  3736 | D:5      | Reached skill level 1 in Armour
  3984 | D:5      | Reached skill level 8 in Summonings
  4001 | D:5      | Reached XP level 8. HP: 16/61 MP: 5/14
  4172 | D:5      | Slain by a centaur

Illustrated notes

Levels and vault maps discovered:
D:1:      minmay_arrival_open_corners, layout_basic
D:2:      layout_loops_corners, basic_altar, minmay_misc_feat_five, uniq_sigmund
D:3:      layout_basic, demons_altar, hellmonk_ecumenical_altar_inner_sanctum
D:4:      layout_rooms, serial_bayou_lagoon_a
D:5:      layout_loops_ring

Skill      XL: |  1  2  3  4  5  6  7 |
---------------+----------------------+-----
Summonings     | 5 6 7 8 |  8.2
Fighting       | 1 2 3 4 |  4.4
Spellcasting   | 3 4 |  4.4
Air Magic      | 1 2 3 4 |  4.0
Armour         | 1 |  1.6
Dodging        | |  2.2
Stealth        | |  1.8

Action                   |  1- 3 |  4- 6 |  7- 9 || total
-------------------------+-------+-------+-------++-------
Melee: Spear             |     3 |    34 |   104 ||   141
       Punch             |       |       |     1 ||     1
 Fire: Sling             |   147 |    35 |       ||   182
 Cast: Call Canine Famil |     3 |    11 |    15 ||    29
       Summon Small Mamm |     2 |     4 |     3 ||     9
       Summon Lightning  |       |     2 |       ||     2
 Abil: Hop               |     1 |       |       ||     1
  Use: Scroll            |       |       |     2 ||     2
Armor: Robe              |    19 |     4 |     3 ||    26
       Ring mail         |       |       |    43 ||    43
Dodge: Dodged            |    52 |    20 |    71 ||   143

Table legend: (Time is in decaauts)
 A = Elapsed time spent in this place.
 B = Non-inter-level travel time spent in this place.
 C = Inter-level travel time spent in this place.
 D = Time resting spent in this place.
 E = Time spent auto-exploring this place.
 F = Levels seen in this place.
 G = Mean time per level.
                   A        B        C        D        E       F      G
               +--------+--------+--------+--------+--------+-----+--------+
         Total |   4727 |   4604 |    123 |    633 |   3009 |   5 |  945.4 |
       Dungeon |   4727 |   4604 |    123 |    633 |   3009 |   5 |  945.4 |
               +--------+--------+--------+--------+--------+-----+--------+

Top non-repeatable levels by time:
     D:3: 1259 daAuts
     D:2: 1238 daAuts
     D:5: 918 daAuts
     D:1: 704 daAuts
     D:4: 607 daAuts
